 Dungeon Crawl Stone Soup version 0.28-a0-175-gb2089b6bb7 (webtiles) character file.

Game seed: 5945418898429893852

138649 Nattfarinn the Scorcher (level 16, -33/104 HPs)
             Began as a Deep Elf Conjurer on Aug 17, 2021.
             Was a High Priest of Vehumet.
             Killed from afar by Arachne (54 damage)
             ... with a poison arrow
             ... on level 2 of the Spider Nest.
             The game lasted 01:50:08 (42507 turns).

Nattfarinn the Scorcher (Deep Elf Conjurer)        Turns: 42507, Time: 01:50:09

Health: -33/104    AC: 19    Str:  4    XL:     16   Next: 71%
Magic:  19/37      EV: 15    Int: 31    God:    Vehumet [*****.]
Gold:   143        SH: 11    Dex: 15    Spells: 15/45 levels left

rFire   + . .      SeeInvis .   n - staff of fire
rCold   . . .      Faith    .   u - +1 buckler
rNeg    . . .      Spirit   .   J - +2 robe {Archmagi}
rPois   .          Reflect  +   O - +2 hat {Stlth+}
rElec   +          Harm     .   U - +0 cloak "Ozuami Baeg" {+Inv rElec Dex+2}
rCorr   .          Rampage  .   h - +2 pair of gloves
Will    +....      Archmagi +   N - +2 pair of boots
Stlth   +++.......              g - amulet of reflection
HPRegen 0.27/turn               c - ring of flight
MPRegen 0.25/turn               L - +4 ring of protection

@: lethally poisoned (-33 -> -49), flying
A: no striking features
a: Renounce Religion, Evoke Invisibility


You were on level 2 of the Spider Nest.
You worshipped Vehumet.
Vehumet was extremely pleased with you.
You visited 5 branches of the dungeon, and saw 26 of its levels.

You collected 2092 gold pieces.
You spent 1949 gold pieces at shops.

Inventory:

Hand Weapons
 G - the +5 dagger "Ipix Var" {holy, rN+ Str+4 Dex-5}
   (You found it on level 8 of the Dungeon)

   It has been blessed by the Shining One to cause great damage to the undead
   and demons.
   Str:       It affects your strength (+4).
   Dex:       It affects your dexterity (-5).
   rN:        It protects you from negative energy.
 Q - the +11 arbalest of Deops {elec, Int+4 Stlth+}
   (You found it on level 1 of the Lair of Beasts)

   Any ammunition fired from it occasionally discharges a powerful burst of
   electricity upon striking a foe.
   Int:       It affects your intelligence (+4).
   Stlth:     It makes you more stealthy.
Armour
 h - a +2 pair of gloves (worn)
 u - a +1 buckler (worn)
 A - the +4 troll leather armour of Narcissism {Regen+ Slay+3}
   (You found it on level 6 of the Lair of Beasts)

   Slay:      It affects your accuracy & damage with ranged weapons and melee
   (+3).
   Regen:     It increases your rate of health regeneration.
 J - a +2 robe of the Archmagi (worn)
 N - a +2 pair of boots (worn)
 O - a +2 hat of stealth (worn)
 U - the +0 cloak "Ozuami Baeg" (worn) {+Inv rElec Dex+2}
   (You found it on level 14 of the Dungeon)

   Dex:       It affects your dexterity (+2).
   rElec:     It insulates you from electricity.
   +Inv:      It lets you turn invisible.
Magical Staves
 n - a staff of fire (weapon)
Jewellery
 c - a ring of flight (left hand)
 g - an amulet of reflection (around neck)
 l - a ring of resist corrosion
 q - a ring of wizardry
 y - an amulet of magic regeneration
 H - a ring of protection from fire
 K - a +6 ring of intelligence
 L - a +4 ring of protection (right hand)
 M - a +6 ring of intelligence
 V - an amulet of faith
 Y - a +6 ring of dexterity
Wands
 z - a wand of charming (27)
 B - a wand of iceblast (21)
 F - a wand of flame (61)
 R - a wand of polymorph (16)
Scrolls
 b - 6 scrolls of teleportation
 d - 3 scrolls of blinking
 f - 4 scrolls of fog
 j - 3 scrolls of amnesia
 k - 4 scrolls of immolation
 o - 4 scrolls of identify
 s - 5 scrolls of enchant weapon
 v - 6 scrolls of magic mapping
 E - 2 scrolls of fear
 I - 5 scrolls of vulnerability
Potions
 a - 4 potions of ambrosia
 e - 5 potions of magic
 i - 3 potions of curing
 m - a potion of attraction
 p - 6 potions of mutation
 r - a potion of cancellation
 t - 5 potions of haste
 w - 2 potions of brilliance
 x - 3 potions of lignification
 C - 3 potions of flight
 T - 2 potions of resistance
 W - 3 potions of invisibility
 X - 3 potions of might
 Z - a potion of heal wounds
Miscellaneous
 D - a box of beasts
 P - a phial of floods
 S - a condenser vane


   Skills:
 - Level 13.4 Fighting
 - Level 10.1 Armour
 - Level 7.5 Dodging
 - Level 2.4 Stealth
 - Level 4.0 Shields
 - Level 15.0 Spellcasting
 + Level 10.0 Conjurations
 - Level 15.6 Fire Magic
 - Level 10.0 Evocations


You had 15 spell levels left.
You knew the following spells:

 Your Spells              Type           Power      Damage    Failure   Level
a - Freezing Cloud        Conj/Ice/Air   30%        6-21      4%          5
b - Searing Ray           Conj           100%       3d7       1%          2
d - Fireball              Conj/Fire      62%        3d24      1%          5
e - Ignition              Fire           67%        3d18      6%          8
f - Lee's Rapid Deconstr  Erth           17%        3d11*     14%         5
g - Bolt of Magma         Conj/Fire/Erth 53%        4d21      1%          5

Your spell library contained the following spells:

 Spells                   Type           Power      Damage    Failure   Level
 Ozocubu's Refrigeration  Ice            17%        4d8       97%         7
 Animate Skeleton         Necr           68%        N/A       1%          1
 Apportation              Tloc           68%        N/A       1%          1
 Corona                   Hex            37%        N/A       1%          1
 Freeze                   Ice            100%       1d11      1%          1
 Magic Dart               Conj           100%       1d8       1%          1
 Pain                     Necr           100%       1d9       1%          1
 Sandblast                Erth           68%        2d15      1%          1
 Sting                    Tmut/Pois      100%       1d8       1%          1
 Summon Small Mammal      Summ           100%       N/A       1%          1
 Poisonous Vapours        Pois/Air       68%        N/A       1%          2
 Dazzling Flash           Conj/Hex       100%       N/A       1%          3
 Frozen Ramparts          Ice            68%        1d8       1%          3
 Fulminant Prism          Conj/Hex       34%        3d16      1%          4
 Hailstorm                Conj/Ice       69%        3d14      1%          4
 Iskenderun's Mystic Bla  Conj/Tloc      69%        2d14      1%          4
 Irradiate                Conj/Tmut      34%        3d25      1%          5
 Starburst                Conj/Fire      62%        6d16      1%          6
 Blink                    Tloc           N/A        N/A       3%          2
 Ensorcelled Hibernation  Hex/Ice        68%        N/A       3%          2
 Passwall                 Tmut/Erth      28%        N/A       3%          2
 Olgreb's Toxic Radiance  Pois           34%        N/A       5%          4
 Lesser Beckoning         Tloc           17%        N/A       6%          3
 Portal Projectile        Hex/Tloc       68%        N/A       6%          3
 Vampiric Draining        Necr           17%        2d8       6%          3
 Animate Armour           Summ/Erth      68%        N/A       19%         4
 Alistair's Intoxication  Tmut/Pois      22%        N/A       47%         5
 Blade Hands              Tmut           17%        N/A       47%         5
 Excruciating Wounds      Necr           17%        N/A       47%         5
 Manifold Assault         Tloc           34%        N/A       47%         5
 Invisibility             Hex            17%        N/A       96%         6
 Lehudib's Crystal Spear  Conj/Erth      34%        10d9      97%         8
 Dragon Form              Tmut           17%        N/A       100%        7
 Malign Gateway           Summ/Tloc      17%        N/A       100%        7


Dungeon Overview and Level Annotations

Branches:
Dungeon (15/15)            Temple (1/1) D:6            Lair (6/6) D:9
  Swamp (0/4) Lair:3       Spider (2/4) Lair:4        Slime (0/5) Lair:6
    Orc (2/2) D:10            Elf (0/3) Orc:2        Vaults (0/5) D:13
 Depths (0/5) D:15

Altars:
Ashenzari
Cheibriados
Dithmenos
Elyvilon
Fedhas
Gozag
Hepliaklqana
Kikubaaqudgha
Makhleb
Nemelex Xobeh
Okawaru
Qazlal
Ru
Sif Muna
Trog
Uskayaw
Vehumet
Wu Jian
Xom
Yredelemnul
Zin
The Shining One
Beogh

Shops:
D:4 ?   D:14 ?   Orc:2 *=[

Portals:
Pandemonium: Orc:2
Trove: D:11 (give +7 demon trident)

Annotations:
D:14 2 transporters, Koit's ghost, journeyman DrGl
Spider:2 Arachne
Orc:1 3 runed translucent doors, Gilette's ghost, journeyman GnCj


Message History

Confirm with . or Enter, or press ? or * to list all spells.
Aiming: Bolt of Magma (mildly dangerous; 1% risk of failure)
Press: ? - help, Shift-Dir - straight line, f/p - Arachne
Aim: Arachne, wielding a staff of poison (lightly wounded, 76% to hit)
You feel a strong surge of power!
The bolt of magma hits Arachne!!!
Arachne is moderately wounded.
You hear an angry hiss.
Arachne stares at you and mumbles some strange words.
The bolt of poison hits you!!!
You are poisoned.
Casting: Bolt of Magma (mildly dangerous; 1% risk of failure)
Confirm with . or Enter, or press ? or * to list all spells.
Aiming: Bolt of Magma (mildly dangerous; 1% risk of failure)
Press: ? - help, Shift-Dir - straight line, f/p - Arachne
Aim: Arachne, wielding a staff of poison (moderately wounded, 76% to hit)
You feel a strong surge of power!
The bolt of magma hits Arachne!!!
Arachne is heavily wounded.
You feel very sick.
Arachne stares at you and mumbles some strange words.
The bolt of poison hits you!!
You are more poisoned.
* * * LOW HITPOINT WARNING * * *
Arachne points her staff at you, shooting a stream of webbing.
The stream of webbing misses you.
Okay, then.
Blink to where?
Press: ? - help, Dir - move target, p - Arachne
As you read the scroll of blinking, it crumbles to dust.
* * * LOW HITPOINT WARNING * * *
You feel extremely sick.
Okay, then.
You feel better.
Blink to where?
Press: ? - help, Dir - move target
As you read the scroll of blinking, it crumbles to dust.
Arachne casts a spell at you. The poison arrow hits you!!!
You are poisoned.
Ouch! That really hurt!
You die...

##.......###..^#...#
##.......## #####.#.#
#....########..^#######
###....###..#..........#
........#.....(........#
#...#####...........#.##
###^..#.............###
##.................# .
##....^#.#...@..#.# ..#
#....#####.§.#..###....
##.....##...H####.†....
##...^.#^....H†.H.††..
##.####.......[.....#
### #...........##.#
#############


You could see Arachne.

Vanquished Creatures
  Frances (D:12)
  Kirke (Lair:5)
  An orc warlord (Orc:2)
  Azrael (D:15)
  An entropy weaver (Spider:1)
  Nessos (Lair:5)
  3 dire elephants
  Snorg (Lair:6)
  A rakshasa (D:15)
  Harold (D:8)
  7 hydras
  8 vault guards (D:13)
  Erica (D:8)
  2 ogre magi (D:15)
  2 boulder beetles
  3 centaur warriors
  2 death yaks (Lair:6)
  16 two-headed ogres
  2 tengu warriors
  Urug (Lair:2)
  7 orc high priests
  A spectral dire elephant (Lair:6)
  A sun demon (Orc:2)
  2 spectral death yaks (Lair:6)
  A sixfirhy (Orc:2)
  Sonja (D:13)
  The ghost of anet the Quickloader, a novice DECj of Ashenzari (D:10)
  A gelid demonspawn (Orc:2)
  A spectral anaconda (Lair:6)
  A flayed ghost (D:14)
  An infernal demonspawn (Orc:2)
  An obsidian statue (Lair:6)
  8 orc knights
  7 orb spiders
  11 wolf spiders
  3 deep elf pyromancers
  4 necromancers (Lair:6)
  9 orc sorcerers
  3 ugly things (D:15)
  7 cyclopes
  3 manticores
  A salamander (D:15)
  2 oklob plants (Lair:1)
  An ice statue (Lair:6)
  A black mamba (Lair:6)
  A guardian serpent (D:15)
  A rust devil (Orc:2)
  A centaur zombie (D:10)
  A gargoyle (D:11)
  A smoke demon (Orc:2)
  12 elephants
  2 unseen horrors (D:11)
  A torpor snail (Spider:1)
  Maggie (Lair:2)
  An orange demon (Orc:2)
  A dire elephant zombie (Lair:6)
  The ghost of Gilette the Conjurer, a novice GnCj of Gozag (D:5)
  4 rime drakes
  Psyche (D:11)
  A dire elephant skeleton (Lair:6)
  A rime drake (shapeshifter) (D:13)
  13 cane toads
  2 kobold demonologists
  An unseen horror (shapeshifter) (D:15)
  8 demonic crawlers
  5 komodo dragons
  A tengu conjurer (D:13)
  3 freezing wraiths
  5 trolls
  3 hornets
  7 polar bears
  3 meliai (Spider:1)
  A troll (shapeshifter) (D:14)
  A jumping spider (shapeshifter) (D:13)
  13 slime creatures
  A wolf spider simulacrum (D:14)
  2 spectral elephants (Lair:6)
  Grinder (D:6)
  14 jumping spiders
  Prince Ribbit (D:7)
  6 dream sheep (Lair:4)
  A dream sheep (shapeshifter) (D:13)
  12 blink frogs (Lair:6)
  8 tarantellas
  3 wyverns
  35 redbacks
  2 shadows
  42 yaks
  4 fire elementals
  4 wraiths
  3 hogs (Lair:5)
  4 basilisks
  2 chaos spawn (Orc:2)
  9 vampire mosquitoes
  A spectral cane toad (Lair:6)
  6 wargs
  An acid dragon (D:8)
  4 hell hounds (D:15)
  16 water moccasins
  A meliai simulacrum (D:14)
  An elephant zombie (Lair:6)
  5 ice beasts (Lair:6)
  2 sky beasts
  52 orc warriors
  A necrophage (D:8)
  8 ogres
  3 wolves (Lair:1)
  4 centaurs
  An elephant skeleton (Lair:6)
  A phantom (D:5)
  2 kobold brigands
  13 bullfrogs
  2 scorpions
  A cane toad simulacrum (Lair:6)
  A wyvern zombie (D:8)
  An earth elemental (D:12)
  A hornet simulacrum (D:15)
  3 water moccasin skeletons
  An elephant simulacrum (Lair:6)
  4 wights (D:9)
  7 electric eels
  4 howler monkeys
  A bullfrog skeleton (D:7)
  A hound (D:6)
  2 jellies
  A centaur skeleton (D:4)
  40 orc priests
  Natasha (thrice) (D:2)
  25 orc wizards
  11 hell rats
  A hound zombie (D:5)
  3 howler monkey zombies
  6 adders
  6 white imps
  An ufetubus (D:6)
  An adder skeleton (D:4)
  A worm (D:4)
  6 dart slugs
  106 orcs
  4 bats
  7 endoplasms
  A giant cockroach (D:4)
  6 goblins
  4 hobgoblins
  2 quokkas
  2 ball pythons
  2 frilled lizards (D:3)
  19 kobolds
  4 rats
799 creatures vanquished.

Vanquished Creatures (others)
  A water elemental (D:12)
  An air elemental (D:12)
  A bush (Lair:6)
  54 fungi
  54 plants
  33 withered plants (Lair:6)
144 creatures vanquished.

Grand Total: 943 creatures vanquished

Notes
Turn   | Place    | Note
-------+----------+-------------------------------------------
     0 | D:1      | Nattfarinn the Deep Elf Conjurer began the quest for the
                  | Orb.
     0 | D:1      | Reached XP level 1. HP: 10/10 MP: 6/6
   150 | D:1      | Reached XP level 2. HP: 15/15 MP: 2/8
   297 | D:1      | Learned a level 2 spell: Searing Ray
   330 | D:1      | Learned a level 1 spell: Sandblast
   476 | D:1      | Reached skill level 5 in Conjurations
   846 | D:2      | Reached XP level 3. HP: 19/19 MP: 6/10
  1020 | D:2      | Noticed Natasha
  1022 | D:2      | Killed Natasha
  1113 | D:2      | Noticed Natasha
  1121 | D:2      | Killed Natasha
  1122 | D:2      | Reached XP level 4. HP: 20/24 MP: 2/12
  1654 | D:2      | Noticed Natasha
  1659 | D:2      | Killed Natasha
  1848 | D:3      | Reached XP level 5. HP: 28/28 MP: 10/14
  2072 | D:3      | Found a faded altar of an unknown god.
  2311 | D:3      | Reached skill level 5 in Spellcasting
  2743 | D:4      | Found Veom Rut's Magic Scroll Shop.
  2814 | D:4      | Bought 2 scrolls of identify for 48 gold pieces
  2814 | D:4      | Bought a scroll of magic mapping for 42 gold pieces
  2814 | D:4      | Bought a scroll of identify for 24 gold pieces
  2852 | D:4      | Reached XP level 6. HP: 13/32 MP: 9/16
  3914 | D:5      | Entered Level 5 of the Dungeon
  3951 | D:5      | Reached skill level 1 in Fighting
  3951 | D:5      | Reached XP level 7. HP: 38/38 MP: 13/18
  4087 | D:5      | Found a runed translucent gate.
  4087 | D:5      | Found a runed translucent gate.
  4087 | D:5      | Found a runed translucent gate.
  4090 | D:5      | Noticed Gilette's ghost (novice GnCj)
  5075 | D:6      | Reached XP level 8. HP: 46/46 MP: 13/19
  5149 | D:6      | Found an ancient bone altar of Kikubaaqudgha.
  5196 | D:6      | Noticed Grinder
  5208 | D:6      | Killed Grinder
  5209 | D:6      | Reached skill level 5 in Dodging
  5426 | D:6      | Found a staircase to the Ecumenical Temple.
  5446 | Temple   | Entered the Ecumenical Temple
  5763 | Temple   | Became a worshipper of Vehumet
  6458 | D:6      | Reached skill level 5 in Fighting
  7747 | D:7      | Reached XP level 9. HP: 32/55 MP: 12/20
  8002 | D:7      | Noticed Prince Ribbit
  8020 | D:7      | Killed Prince Ribbit
  8367 | D:8      | Identified the +5 dagger "Ipix Var" {holy, rN+ Str+4 Dex-5}
  8528 | D:8      | Noticed Erica
  8981 | D:8      | Learned a level 5 spell: Fireball
  9224 | D:8      | Noticed Harold
  9292 | D:8      | Noticed a deep elf pyromancer
  9311 | D:8      | Killed a deep elf pyromancer
  9382 | D:8      | Reached skill level 5 in Fire Magic
  9406 | D:8      | Reached * piety under Vehumet
  9406 | D:8      | Offered knowledge of Foxfire by Vehumet.
  9561 | D:8      | Killed Erica
  9562 | D:8      | Reached XP level 10. HP: 63/63 MP: 6/22
  9656 | D:8      | Killed Harold
 10091 | D:9      | Reached skill level 1 in Armour
 10179 | D:9      | Found a staircase to the Lair.
 11127 | D:9      | Offered knowledge of Poisonous Vapours by Vehumet.
 11127 | D:9      | Reached ** piety under Vehumet
 11128 | D:9      | Reached skill level 10 in Spellcasting
 11471 | D:10     | Entered Level 10 of the Dungeon
 11815 | D:10     | Found a runed translucent gate.
 11815 | D:10     | Found a runed translucent gate.
 11815 | D:10     | Found a runed translucent gate.
 11816 | D:10     | Noticed anet's ghost (novice DECj)
 11968 | D:10     | Reached XP level 11. HP: 67/67 MP: 16/27
 12093 | D:10     | Found a staircase to the Orcish Mines.
 12373 | D:10     | Offered knowledge of Mephitic Cloud by Vehumet.
 12987 | Lair:1   | Entered Level 1 of the Lair of Beasts
 13056 | Lair:1   | Reached *** piety under Vehumet
 13627 | Lair:1   | Reached skill level 5 in Armour
 13788 | Lair:1   | Reached skill level 10 in Fire Magic
 13900 | Lair:1   | Noticed an oklob plant
 14067 | Lair:1   | Noticed an oklob plant
 14094 | Lair:1   | Killed an oklob plant
 14226 | Lair:1   | Killed an oklob plant
 14556 | Lair:1   | Identified the +11 arbalest of Deops {elec, Int+4 Stlth+}
 14724 | Lair:2   | Learned a level 8 spell: Ignition
 14929 | Lair:2   | Offered knowledge of Sticky Flame by Vehumet.
 14933 | Lair:2   | Noticed Maggie
 14939 | Lair:2   | Killed Maggie
 15116 | Lair:2   | Noticed Urug
 15122 | Lair:2   | Killed Urug
 15538 | Lair:2   | Identified the +5 mace of the Grave {vorpal, rN+ Int+4
                  | Dex-4}
 15889 | Lair:3   | Reached XP level 12. HP: 72/72 MP: 25/28
 16257 | Lair:3   | Found a staircase to the Swamp.
 16303 | Lair:3   | Noticed a five-headed hydra
 16304 | Lair:3   | Noticed a four-headed hydra
 16306 | Lair:3   | Killed a five-headed hydra
 16307 | Lair:3   | Killed a four-headed hydra
 17310 | Lair:4   | Reached **** piety under Vehumet
 17611 | Lair:4   | Noticed a six-headed hydra
 17616 | Lair:4   | Killed a six-headed hydra
 17849 | Lair:4   | Offered knowledge of Stone Arrow by Vehumet.
 18222 | Lair:4   | Found a hole to the Spider Nest.
 18666 | Lair:5   | Noticed an eight-headed hydra
 18667 | Lair:5   | Noticed Kirke
 18833 | Lair:5   | Noticed Nessos
 19449 | Lair:5   | Killed Nessos
 19502 | Lair:5   | Killed Kirke
 19777 | Lair:5   | Killed an eight-headed hydra
 19839 | Lair:5   | Reached XP level 13. HP: 76/76 MP: 23/29
 21069 | Lair:6   | Entered Level 6 of the Lair of Beasts
 21238 | Lair:6   | Reached skill level 10 in Armour
 21738 | Lair:6   | Noticed Snorg
 21741 | Lair:6   | Killed Snorg
 22008 | Lair:6   | Reached ***** piety under Vehumet
 22181 | Lair:6   | Offered knowledge of Spellforged Servitor by Vehumet.
 22428 | Lair:6   | Noticed a dire elephant
 22428 | Lair:6   | Noticed a dire elephant
 22606 | Lair:6   | Found a staircase to the Slime Pits.
 23368 | Lair:6   | Reached skill level 15 in Fire Magic
 24655 | Lair:6   | Reached XP level 14. HP: 82/82 MP: 11/33
 25569 | Lair:6   | Got the Disquisition on Displaced Stones
 25574 | Lair:6   | Identified the +4 troll leather armour of Narcissism
                  | {Regen+ Slay+3}
 25915 | Lair:6   | Learned a level 5 spell: Lee's Rapid Deconstruction
 26888 | D:11     | Noticed Psyche
 26890 | D:11     | Killed Psyche
 27501 | D:11     | Found a portal to a secret trove of treasure.
 28144 | D:12     | Noticed Frances
 28270 | D:12     | Killed Frances
 28271 | D:12     | Reached skill level 15 in Spellcasting
 28529 | D:12     | Found a large runed translucent door.
 28529 | D:12     | Found a large runed translucent door.
 28875 | D:12     | Reached skill level 5 in Evocations
 28951 | D:12     | Paralysed by an air elemental for 1 turns
 30061 | D:13     | Got the Guide on Creative Cold
 30073 | D:13     | Noticed Sonja
 30076 | D:13     | Killed Sonja
 30728 | D:13     | Found a gate to the Vaults.
 31533 | D:11     | Reached XP level 15. HP: 57/86 MP: 26/36
 31747 | D:14     | Found Hasay's Magic Scroll Boutique.
 31754 | D:14     | Bought a scroll of teleportation for 42 gold pieces
 31754 | D:14     | Bought a scroll of identify for 28 gold pieces
 31754 | D:14     | Bought a scroll of identify for 28 gold pieces
 31754 | D:14     | Bought a scroll of identify for 28 gold pieces
 31754 | D:14     | Bought a scroll of enchant armour for 105 gold pieces
 31754 | D:14     | Bought a scroll of amnesia for 49 gold pieces
 31754 | D:14     | Bought a scroll of amnesia for 49 gold pieces
 31754 | D:14     | Bought a scroll of teleportation for 42 gold pieces
 31754 | D:14     | Bought a scroll of blinking for 105 gold pieces
 31754 | D:14     | Bought a scroll of fear for 49 gold pieces
 31781 | D:14     | Offered knowledge of Bolt of Magma by Vehumet.
 31782 | D:14     | Reached skill level 10 in Evocations
 31856 | D:14     | Reached skill level 1 in Shields
 32353 | D:14     | Found a transporter.
 32771 | D:14     | Identified the +0 cloak "Ozuami Baeg" {+Inv rElec Dex+2}
 32823 | D:14     | Found a transporter.
 32889 | D:14     | Noticed Koit's ghost (journeyman DrGl)
 32993 | D:15     | Entered Level 15 of the Dungeon
 33595 | D:15     | Learned a level 5 spell: Bolt of Magma
 33770 | D:15     | Noticed Azrael
 35409 | D:15     | Found a staircase to the Depths.
 35585 | Orc:1    | Entered Level 1 of the Orcish Mines
 35715 | Orc:1    | Offered knowledge of Lightning Bolt by Vehumet.
 35889 | Orc:1    | Reached skill level 10 in Fighting
 36141 | Orc:1    | Found a runed translucent gate.
 36142 | Orc:1    | Found a runed translucent gate.
 36142 | Orc:1    | Found a runed translucent gate.
 36148 | Orc:1    | Noticed Gilette's ghost (journeyman GnCj)
 36790 | Orc:2    | Entered Level 2 of the Orcish Mines
 37189 | Orc:2    | Found a staircase to the Elven Halls.
 37197 | Orc:2    | Noticed an orc warlord
 37202 | Orc:2    | Killed an orc warlord
 37347 | Orc:2    | Offered knowledge of Eringya's Noxious Bog by Vehumet.
 38304 | Orc:2    | Reached XP level 16. HP: 54/100 MP: 10/37
 38499 | Orc:2    | Found Ulaa's Magic Scroll Boutique.
 38501 | Orc:2    | Found Onleah's General Store.
 38867 | Orc:2    | Bought a scroll of acquirement for 676 gold pieces
 38867 | Orc:2    | Bought a scroll of identify for 26 gold pieces
 38867 | Orc:2    | Bought a scroll of identify for 26 gold pieces
 38867 | Orc:2    | Bought a scroll of amnesia for 45 gold pieces
 38867 | Orc:2    | Bought a scroll of identify for 26 gold pieces
 38867 | Orc:2    | Bought a scroll of identify for 26 gold pieces
 38867 | Orc:2    | Bought a scroll of magic mapping for 45 gold pieces
 38867 | Orc:2    | Bought a scroll of blinking for 97 gold pieces
 38867 | Orc:2    | Bought a scroll of blinking for 97 gold pieces
 38867 | Orc:2    | Bought a scroll of identify for 26 gold pieces
 38867 | Orc:2    | Bought a scroll of magic mapping for 45 gold pieces
 38867 | Orc:2    | Bought a scroll of teleportation for 39 gold pieces
 38869 | Orc:2    | Acquired a staff of conjuration
 39380 | Orc:2    | Offered knowledge of Freezing Cloud by Vehumet.
 39431 | Orc:2    | Found Souguc's Jewellery Emporium.
 39431 | Orc:2    | Found Hocusho's Antique Armour Shoppe.
 39432 | Orc:2    | Found a one-way gate leading to the halls of Pandemonium.
 39436 | Orc:2    | Bought a faintly humming robe for 136 gold pieces
 39436 | Orc:2    | Identified the +1 robe "Waill" {rC+} (You bought it in a
                  | shop on level 2 of the Orcish Mines)
 39741 | D:5      | Killed Gilette's ghost
 39865 | D:10     | Learned a level 5 spell: Freezing Cloud
 39900 | D:10     | Killed anet's ghost
 40118 | D:15     | Killed Azrael
 40685 | Spider:1 | Entered Level 1 of the Spider Nest
 41496 | Spider:1 | Offered knowledge of Ozocubu's Refrigeration by Vehumet.
 42441 | Spider:2 | Reached skill level 10 in Conjurations
 42455 | Spider:2 | Noticed Arachne
 42507 | Spider:2 | Killed from afar by Arachne

Illustrated notes

Levels and vault maps discovered:
D:1:      erik_arrival_blinker_ship, layout_basic
D:2:      layout_basic, minmay_misc_feat_more_columns, uniq_natasha
D:3:      layout_loops_corners, chequers_ecumenical_altar_grove
D:4:      layout_basic, serial_shops, nicolae_stop_n_shop_1
D:5:      layout_cave_pools, serial_bayou, serial_bayou_shore_b,
          serial_bayou_pond_d, serial_bayou_lagoon_a, serial_bayou_lagoon_b,
          gammafunk_ghost_nasty_kobolds
D:6:      minmay_inner_zag, layout_rooms, mainiacjoe_overflow_alcove_4,
          minmay_temple_entry_junction, uniq_grinder
D:7:      layout_loops_ring, serial_bayou, serial_bayou_crossing,
          serial_bayou_shore_a, serial_bayou_ford_a, serial_bayou_pond_e,
          serial_bayou_lake_a, kennysheep_doodads, abandoned_shop,
          uniq_prince_ribbit1
D:8:      layout_cave_pools, grunt_ministairs_2, kennysheep_just_a_vault,
          uniq_harold, uniq_erica
D:9:      layout_basic, lair_entry_dummy, serial_glass, glass_columns_b,
          glass_columns_b, glass_columns_b, glass_columns_a, glass_columns_c,
          glass_columns_c, glass_columns_a, glass_columns_c, glass_columns_a,
          glass_columns_c, glass_columns_a, glass_columns_a, glass_columns_c,
          glass_columns_a, minmay_strange_pillars, due_unseen_surprise,
          feat_on_display, grunt_ministairs_1, chequers_serial_rivers_large_a,
          hangedman_decor_push
D:10:     layout_irregular_city, minmay_orc_entry_temple_small,
          gammafunk_ghost_spectres, minmay_misc_feat_enclosed
D:11:     layout_cave_pools, enter_trove_3, uniq_psyche
D:12:     layout_layer_cave, lightli_elemental_guards, uniq_frances
D:13:     layout_cave_pools, erik_vaults_2, uniq_sonja
D:14:     nzn_winding_woodlands_small [nzn_winding_woodlands_5x15_default,
          nzn_winding_woodlands_center_triple_pond,
          nzn_winding_woodlands_5x15_sidewinder], layout_loops_ring,
          gammafunk_ghost_berserking_beasts, serial_shops,
          nicolae_shop_statue_plus
D:15:     hangedman_depths_entry_try_elsewhere_first, layout_long_grid,
          fake_guardian_serpent_vault, uniq_azrael
Temple:   compressed_dpeg_triangle_lava_temple
Lair:1:   layout_cave_pods, minmay_lair_oklob_chamber, lemuel_fruit_fields,
          lemuel_fruit_tree
Lair:2:   layout_regular_city, uniq_maggie, uniq_urug
Lair:3:   layout_layer_cave, swamp_mist_pool
Lair:4:   layout_roguey, nicolae_spider_entry_orb_guardian, serial_bayou_pond_c,
          beast_lair_carwin_2, infiniplex_staircase_pool
Lair:5:   layout_roguey, uniq_nessos, uniq_kirke
Lair:6:   due_jungle_book, layout_long_grid, slime_dummy, ice2_lemuel,
          uniq_snorg
Spider:1: layout_spider_delve, nicolae_spider_nook
Spider:2: layout_spider_delve, nicolae_spider_cling_halls, uniq_arachne
Orc:1:    layout_caves, ebering_ghost_rock_garden
Orc:2:    pf_orc_diabolical, layout_diamond_mine

Skill      XL: |  1  2  3  4  5  6  7  8  9 10 11 12 13 14 15 16 |
---------------+-------------------------------------------------+-----
Conjurations   | 5 6 7 8 10 | 10.0
Spellcasting   | 4 5 6 10 13 15 | 15.0
Fighting       | 1 3 6 7 11 13 | 13.4
Dodging        | 4 6 7 |  7.5
Fire Magic     | 7 8 11 13 15 | 15.6
Armour         | 3 6 9 10 | 10.1
Evocations     | 9 10 | 10.0
Shields        | 4 |  4.0
Stealth        | |  2.4

Action                   |  1- 3 |  4- 6 |  7- 9 | 10-12 | 13-15 | 16-18 || total
-------------------------+-------+-------+-------+-------+-------+-------++-------
Melee: Staff             |       |       |       |    14 |    15 |     2 ||    31
 Cast: Magic Dart        |    48 |    79 |   177 |    88 |       |       ||   392
       Searing Ray       |     3 |    12 |    29 |     9 |     3 |       ||    56
       Sandblast         |       |       |     6 |       |    28 |       ||    34
       Fireball          |       |       |     7 |   171 |   380 |    65 ||   623
       Ignition          |       |       |       |     3 |    52 |    30 ||    85
       Lee's Rapid Decon |       |       |       |       |    21 |       ||    21
       Bolt of Magma     |       |       |       |       |    10 |    13 ||    23
       Freezing Cloud    |       |       |       |       |       |     3 ||     3
 Abil: Evoke Invisibilit |       |       |       |       |       |     1 ||     1
Evoke: Wand              |       |       |     4 |     1 |       |       ||     5
  Use: Scroll            |       |     3 |     4 |     1 |    22 |    12 ||    42
       Potion            |       |       |     3 |     1 |       |     3 ||     7
Armor: Robe              |     1 |       |     4 |     9 |    48 |    24 ||    86
Dodge: Dodged            |     1 |     7 |    24 |    33 |    69 |    48 ||   182
Block: Other             |       |     2 |     5 |    14 |    13 |       ||    34
       Reflection        |       |     1 |       |     1 |       |       ||     2
       Buckler           |       |       |       |       |    24 |    39 ||    63

Table legend: (Time is in decaauts)
 A = Elapsed time spent in this place.
 B = Non-inter-level travel time spent in this place.
 C = Inter-level travel time spent in this place.
 D = Time resting spent in this place.
 E = Time spent auto-exploring this place.
 F = Levels seen in this place.
 G = Mean time per level.
                   A        B        C        D        E       F      G
               +--------+--------+--------+--------+--------+-----+--------+
         Total |  42638 |  38574 |   4064 |  11429 |  22630 |  26 | 1639.9 |
       Dungeon |  22826 |  20197 |   2629 |   5413 |  12523 |  15 | 1521.7 |
        Temple |    651 |    636 |     15 |    234 |    286 |   1 |  651.0 |
          Lair |  14215 |  12993 |   1222 |   4428 |   7199 |   6 | 2369.2 |
   Spider Nest |   1198 |   1154 |     44 |    194 |    754 |   2 |  599.0 |
  Orcish Mines |   3745 |   3592 |    153 |   1160 |   1868 |   2 | 1872.5 |
               +--------+--------+--------+--------+--------+-----+--------+

Top non-repeatable levels by time:
  Lair:6: 4845 daAuts
  Lair:4: 2875 daAuts
    D:15: 2493 daAuts
    D:10: 2380 daAuts
    D:12: 2347 daAuts
     D:7: 2172 daAuts
  Lair:5: 2052 daAuts
   Orc:2: 1941 daAuts
   Orc:1: 1804 daAuts
     D:9: 1744 daAuts
  Lair:1: 1710 daAuts
    D:14: 1651 daAuts
    D:11: 1582 daAuts
  Lair:3: 1442 daAuts
     D:5: 1320 daAuts
